AoeStats
← Dschinges Khan

Arabia

507337341Analyzed
1v1 RM · 15d ago on Sep 17, 2026· 38m 45s· 2 players
Game mode
Random Map
Map size
Tiny (2 player)
Population
200
Speed
Normal
Resources
Standard
Victory
Conquest
Starting age
Dark Age
Ending age
Imperial Age
RankedLock teamsTeams togetherTeam positionsShared explorationLock speedFull tech treeHidden civsTurbo modeCheats
Victory
Defeat
🇩🇪 Burgundians · Germany
1334
+17
🇦🇪 Bulgarians · United Arab Emirates
1361
-17
Dschinges Khan
4:34 Double-Bit Axe
7:31 Horse Collar
9:24 Loom
10:16 Wheelbarrow
11:56 Feudal Age
18:56 Castle Age
18:05 Bow Saw
18:04 Fletching
18:24 Scale Barding Armor
18:26 Gold Mining
24:49 Hand Cart
25:17 Cavalier
26:50 Husbandry
29:05 Town Watch
35:34 Two-Man Saw
38:34 Imperial Age
38:01 Chain Barding Armor
38:58 Forging
39:57 Plate Barding Armor
monsterrlol13
7:09 Loom
9:31 Feudal Age
11:45 Arson
15:31 Double-Bit Axe
17:52 Fletching
19:00 Horse Collar
24:57 Castle Age
23:36 Scale Mail Armor
24:10 Gold Mining
24:24 Padded Archer Armor
25:42 Bodkin Arrow
25:33 Pikeman
29:49 Leather Archer Armor
31:24 Wheelbarrow
31:45 Bow Saw
32:33 Town Watch
34:29 Thumb Ring
40:14 Imperial Age
Connection lost

Rejoining the realm…

Still unreachable

The connection could not be restored.

Session expired

The server has moved on; the page needs a fresh start.